 Dungeon Crawl Stone Soup version 0.30-a0-793-g160f7cfddd (webtiles) character file.

Game seed: 12615722129555487570

5 freelancePsychic the Sneak (level 1, 0/16 HPs)
             Began as a Demonspawn Brigand on Feb 19, 2023.
             Slain by a jackal (2 damage)
             ... on level 1 of the Dungeon.
             The game lasted 00:00:36 (126 turns).

freelancePsychic the Sneak (Demonspawn Brigand)      Turns: 126, Time: 00:00:36

Health: 0/16       AC:  3    Str: 11    XL:     1   Next: 66%
Magic:  1/1        EV: 11    Int: 12    God:
Gold:   0          SH:  0    Dex: 14    Spells: 0/0 levels left

rFire   . . .      SeeInvis .    a - +2 dagger
rCold   . . .      Faith    .    (no shield)
rNeg    . . .      Spirit   .    b - +0 robe
rPois   .          Reflect  .    (no helmet)
rElec   .          Harm     .    c - +0 cloak
rCorr   .          Rampage  .    (no gloves)
Will    .....                    (no boots)
Stlth   ++                       (no amulet)
HPRegen 0.22/turn                (no ring)
MPRegen 0.07/turn                (no ring)

@: no status effects
A: no striking features
a: no special abilities


You were on level 1 of the Dungeon.
You visited 1 branch of the dungeon, and saw 1 of its levels.

Inventory:

Hand Weapons
 a - a +2 dagger (weapon)
Missiles
 d - 12 poisoned darts (quivered)
 e - 3 curare-tipped darts
Armour
 b - a +0 robe (worn)
 c - a +0 cloak (worn)
Scrolls
 f - a scroll of enchant weapon {unknown}
Potions
 g - a potion of might {unknown}


   Skills:
 + Level 2.1 Fighting
 - Level 1.7 Short Blades
 + Level 1.9 Throwing
 - Level 0.8 Dodging
 * Level 3.8 Stealth


You couldn't memorise any spells.
You didn't know any spells.
Your spell library was empty.

Dungeon Overview and Level Annotations

Branches:
Dungeon (1/15)

Altars:


Message History

You are too injured to fight recklessly!
You are too injured to fight recklessly!
You are too injured to fight recklessly!
You hit the jackal.
You kill the jackal!
You hit the jackal.
The jackal is heavily wounded.
The jackal barely misses you.
You hit the jackal.
You kill the jackal!
The jackal bites you.
You closely miss the jackal. The jackal bites you.
You hit the jackal.
The jackal is heavily wounded.
The jackal closely misses you.
You hit the jackal but do no damage.
The jackal is heavily wounded.
The jackal barely misses you.
You closely miss the jackal.
The jackal is heavily wounded.
The jackal bites you but does no damage.
The jackal bites you.
You barely miss the jackal.
The jackal is heavily wounded.
The jackal bites you.
Throw: 14 darts (poison)
Press: ? - help, Q - select action, (/) - cycle Shift-Dir - straight line, f - jackal
Aim: a jackal (heavily wounded, 51% to hit)
You throw a poisoned dart.
The poisoned dart closely misses the jackal.
The jackal bites you.
* * * LOW HITPOINT WARNING * * *
Throw: 13 darts (poison)
Press: ? - help, Q - select action, (/) - cycle Shift-Dir - straight line, f/p - jackal
Aim: a jackal (heavily wounded, 51% to hit)
You throw a poisoned dart. The poisoned dart hits the jackal.
The jackal is poisoned.
The jackal is heavily wounded.
The jackal bites you.
You die...

...... #..# ....# ##..#
.###h?.###..# ...........#
...........# .###.......#
######## #.......#
#....... #####....#
#....... ####..@h(####
#.......
..##....###########.......
..........................
##...###########..#.......
#.# ##.###'#.... # #..#
#.#.... ###.## #+#....
#...# #.##### #####.###
##'## #


You could see a jackal (poisoned).

Vanquished Creatures
  An endoplasm (D:1)
  3 jackals (D:1)
4 creatures vanquished.

Notes
Turn   | Place    | Note
-------+----------+-------------------------------------------
     0 | D:1      | freelancePsychic the Demonspawn Brigand began the quest for
                  | the Orb.
     0 | D:1      | Reached XP level 1. HP: 16/16 MP: 1/1
   126 | D:1      | Slain by a jackal

Illustrated notes

Levels and vault maps discovered:
D:1:      minmay_arrival_doors, layout_rooms, grunt_decor_arrowhead

Action                     || total
---------------------------++-------
  Melee: Dagger            ||    18
         Punch             ||     1
  Throw: Dart              ||     2
 Armour: Robe              ||     2
  Dodge: Dodged            ||    10

Table legend: (Time is in decaauts)
 A = Elapsed time spent in this place.
 B = Non-inter-level travel time spent in this place.
 C = Inter-level travel time spent in this place.
 D = Time resting spent in this place.
 E = Time spent auto-exploring this place.
 F = Levels seen in this place.
 G = Mean time per level.
                   A        B        C        D        E       F      G
               +--------+--------+--------+--------+--------+-----+--------+
         Total |    124 |    124 |      0 |      3 |     88 |   1 |  124.0 |
       Dungeon |    124 |    124 |      0 |      3 |     88 |   1 |  124.0 |
               +--------+--------+--------+--------+--------+-----+--------+

Top non-repeatable levels by time:
     D:1: 124 daAuts
